BSA
AUSTIN RIVER SHARKS @ CHICAGO MACHINE
05/24/2027
 
TOP OF THE 1ST
Austin River Sharks batting - Pitching for Chicago Machine : RHP Anthony Jackson
Pitching: RHP Anthony Jackson
Batting: RHB Orlando Bruno 0-0: Called Strike
0-1: Foul Ball, location: 2F
0-2: SINGLE (Flyball, 8RM)
Batting: RHB Carlos Guzmán 0-0: Ball
1-0: Grounds into double play, 4-6-3 (Groundball, 4)
Batting: SHB Juan Castro 0-0: Ball
1-0: Swinging Strike
1-1: SINGLE (Groundball, 34D)
Batting: LHB Pedro Zaragoza 0-0: Called Strike
0-1: Ball
1-1: Foul Ball, location: 2F
1-2: Fly out, F7 (Flyball, 7S)
Top of the 1st over - 0 run(s), 2 hit(s), 0 error(s), 1 left on base; Austin 0 - Chicago 0
BOTTOM OF THE 1ST
Chicago Machine batting - Pitching for Austin River Sharks : LHP Dave Watkins
Pitching: LHP Dave Watkins
Batting: RHB Lorenzo Guzmán 0-0: Called Strike
0-1: Ball
1-1: Ball
2-1: Called Strike
2-2: Ball
3-2: Foul Ball, location: 2F
3-2: Foul Ball, location: 2F
3-2: Foul Ball, location: 2F
3-2: Base on Balls
Batting: SHB Edward Bartlett 0-0: Ball
1-0: Ball
2-0: Ball
3-0: Fly out, F5 (Popup, 56)
Batting: RHB Matt Doyle 0-0: Ball
1-0: Foul Ball, location: 2F
1-1: Ball
2-1: Swinging Strike
2-2: Ball
Lorenzo Guzmán is caught stealing 2nd base
3-2: Foul Ball, location: 2F
3-2: Foul Ball, location: 2F
3-2: Base on Balls
Batting: LHB Kiyonaga Morita 0-0: Ball
1-0: Called Strike
1-1: Foul Ball, location: 2F
1-2: Ball
2-2: Ball
3-2: Base on Balls
Matt Doyle to second
Batting: SHB Joaquín López 0-0: Ball
1-0: Called Strike
1-1: Called Strike
1-2: Foul Ball, location: 2F
1-2: Foul Ball, location: 2F
1-2: Ball
Wild Pitch!
Matt Doyle to third
Kiyonaga Morita to second
2-2: Ball
3-2: Fly out, F9 (Flyball, 89M)
Bottom of the 1st over - 0 run(s), 0 hit(s), 0 error(s), 2 left on base; Austin 0 - Chicago 0
TOP OF THE 2ND
Austin River Sharks batting - Pitching for Chicago Machine : RHP Anthony Jackson
Batting: RHB Kenneth Roberts 0-0: Ball
1-0: Foul Ball, location: 2F
1-1: Ball
2-1: Ground out 6-3 (Groundball, 56)
Batting: LHB Harry Pitts 0-0: Foul Ball, location: 2F
0-1: Ball
1-1: Ball
2-1: Ball
3-1: Base on Balls
Batting: LHB Terry Maloney 0-0: Ball
1-0: Ball
2-0: Ball
3-0: Ground out 6-3 (Groundball, 6MS)
Harry Pitts to second
Batting: RHB Clark Hodge 0-0: Foul Ball, location: 2F
0-1: Swinging Strike
0-2: Strikes out swinging
Top of the 2nd over - 0 run(s), 0 hit(s), 0 error(s), 1 left on base; Austin 0 - Chicago 0
BOTTOM OF THE 2ND
Chicago Machine batting - Pitching for Austin River Sharks : LHP Dave Watkins
Batting: SHB Jesús Ramírez 0-0: Ball
1-0: Foul Ball, location: 2F
1-1: Called Strike
1-2: Fly out, F8 (Line Drive, 8LD)
Batting: RHB Paul Swift 0-0: Ball
1-0: Ball
2-0: Called Strike
2-1: Reached on error, E4 (Groundball, 6M)
Batting: RHB Roberto Cardona 0-0: Called Strike
0-1: Ball
Balk!
Paul Swift to second
1-1: Foul Ball, location: 2F
1-2: Fly out, F9 (Flyball, 9)
Batting: LHB Eric Wheeler 0-0: Called Strike
0-1: Ball
1-1: Called Strike
1-2: Strikes out swinging
Bottom of the 2nd over - 0 run(s), 0 hit(s), 1 error(s), 1 left on base; Austin 0 - Chicago 0
TOP OF THE 3RD
Austin River Sharks batting - Pitching for Chicago Machine : RHP Anthony Jackson
Batting: SHB Juan Acevado 0-0: Ground out 1-3 (Groundball, 15S)
Batting: RHB Orlando Bruno 0-0: Foul Ball, location: 2F
0-1: Swinging Strike
0-2: Fly out, F8 (Flyball, 8RM)
Batting: RHB Carlos Guzmán 0-0: Swinging Strike
0-1: Ball
1-1: Ball
2-1: Foul Ball, location: 2F
2-2: Ground out 4-3 (Groundball, 4M)
Top of the 3rd over - 0 run(s), 0 hit(s), 0 error(s), 0 left on base; Austin 0 - Chicago 0
BOTTOM OF THE 3RD
Chicago Machine batting - Pitching for Austin River Sharks : LHP Dave Watkins
Batting: RHB Lorenzo Guzmán 0-0: Fly out, F8 (Flyball, 8RM)
Batting: SHB Edward Bartlett 0-0: Ball
1-0: Ball
2-0: Ball
3-0: Base on Balls
Batting: RHB Matt Doyle 0-0: DOUBLE (Line Drive, 89XD)
Edward Bartlett to third
Batting: LHB Kiyonaga Morita 0-0: Ball
1-0: Ball
2-0: Called Strike
2-1: Swinging Strike
2-2: Ball
3-2: Strikes out looking
Batting: SHB Joaquín López 0-0: Swinging Strike
0-1: Ball
1-1: Ground out 5-3 (Groundball, 56S)
Bottom of the 3rd over - 0 run(s), 1 hit(s), 0 error(s), 2 left on base; Austin 0 - Chicago 0
TOP OF THE 4TH
Austin River Sharks batting - Pitching for Chicago Machine : RHP Anthony Jackson
Batting: SHB Juan Castro 0-0: Ball
1-0: Ball
2-0: SINGLE (Groundball, 4MD)
Batting: LHB Pedro Zaragoza 0-0: Ball
1-0: Ball
2-0: Swinging Strike
2-1: Ball
3-1: Base on Balls
Juan Castro to second
Batting: RHB Kenneth Roberts 0-0: Swinging Strike
0-1: Foul Ball, location: 2F
0-2: Ball
1-2: Foul Ball, location: 2F
1-2: Foul Ball, location: 2F
1-2: Ball
2-2: Foul Ball, location: 2F
2-2: Ball
3-2: Fly out, F9 (Flyball, 9D)
Batting: LHB Harry Pitts 0-0: Ball
1-0: Ball
2-0: Foul Ball, location: 2F
2-1: Ball
3-1: Swinging Strike
3-2: Strikes out swinging
Batting: LHB Terry Maloney 0-0: Called Strike
0-1: Swinging Strike
0-2: Ball
1-2: SINGLE (Groundball, 34D)
Juan Castro to third
Pedro Zaragoza to second
Runner from 3rd tries for Home, SAFE, throw made at trailing runner, SAFE at third!
Batting: RHB Clark Hodge 0-0: Fielders Choice at 2nd, 4-6 (Groundball, 4)
Top of the 4th over - 1 run(s), 2 hit(s), 0 error(s), 1 left on base; Austin 1 - Chicago 0
BOTTOM OF THE 4TH
Chicago Machine batting - Pitching for Austin River Sharks : LHP Dave Watkins
Batting: SHB Jesús Ramírez 0-0: Called Strike
0-1: Bunt missed!
0-2: Strikes out swinging
Batting: RHB Paul Swift 0-0: Ground out 5-3 (Groundball, 5S)
Batting: RHB Roberto Cardona 0-0: Ball
1-0: Fly out, F8 (Flyball, 8LD)
Bottom of the 4th over - 0 run(s), 0 hit(s), 0 error(s), 0 left on base; Austin 1 - Chicago 0
TOP OF THE 5TH
Austin River Sharks batting - Pitching for Chicago Machine : RHP Anthony Jackson
Batting: SHB Juan Acevado 0-0: Swinging Strike
0-1: Ball
1-1: Swinging Strike
1-2: Strikes out swinging
Batting: RHB Orlando Bruno 0-0: Ground out 4-3 (Groundball, 4)
Batting: RHB Carlos Guzmán 0-0: Ground out 4-3 (Groundball, 4M)
Top of the 5th over - 0 run(s), 0 hit(s), 0 error(s), 0 left on base; Austin 1 - Chicago 0
BOTTOM OF THE 5TH
Chicago Machine batting - Pitching for Austin River Sharks : LHP Dave Watkins
Batting: LHB Eric Wheeler 0-0: Ball
1-0: Ball
2-0: Ball
3-0: Called Strike
3-1: Foul Ball, location: 2F
3-2: Foul Ball, location: 2F
3-2: Base on Balls
Batting: RHB Lorenzo Guzmán 0-0: Called Strike
0-1: Swinging Strike
0-2: Strikes out swinging
Batting: SHB Edward Bartlett 0-0: SINGLE (Groundball, 4MD)
Eric Wheeler to second
Batting: RHB Matt Doyle 0-0: Called Strike
0-1: SINGLE (Groundball, 6MD)
Eric Wheeler to third
Edward Bartlett to second
Runner from 3rd tries for Home, SAFE, throw made home
Batting: LHB Kiyonaga Morita 0-0: Called Strike
0-1: Foul Ball, location: 2F
0-2: Fly out, F8 (Flyball, 8LM)
Runner from 2nd tags up, SAFE at 3rd with throw
Batting: SHB Joaquín López 0-0: Called Strike
0-1: Ball
1-1: Ball
2-1: Swinging Strike
2-2: Fielders Choice at 2nd, 4-6 (Groundball, 4)
Bottom of the 5th over - 1 run(s), 2 hit(s), 0 error(s), 1 left on base; Austin 1 - Chicago 1
TOP OF THE 6TH
Austin River Sharks batting - Pitching for Chicago Machine : RHP Anthony Jackson
Batting: SHB Juan Castro 0-0: Called Strike
0-1: Foul Ball, location: 2F
0-2: Ball
1-2: Ball
2-2: Foul Ball, location: 2F
2-2: Foul Ball, location: 2F
2-2: Ball
3-2: Fly out, F3 (Line Drive, 34)
Batting: LHB Pedro Zaragoza 0-0: Called Strike
0-1: Ball
1-1: Ground out U3 (Groundball, 34S)
Batting: RHB Kenneth Roberts 0-0: Foul Ball, location: 2F
0-1: Ball
1-1: Ball
2-1: Swinging Strike
2-2: Ball
3-2: SINGLE (Flyball, 9LS)
Batting: LHB Harry Pitts 0-0: SINGLE (Groundball, 6MS) (infield hit)
Kenneth Roberts to second
Batting: LHB Terry Maloney 0-0: Ball
1-0: Ball
2-0: Foul Ball, location: 2F
2-1: Ball
3-1: Swinging Strike
3-2: Strikes out looking
Top of the 6th over - 0 run(s), 2 hit(s), 0 error(s), 2 left on base; Austin 1 - Chicago 1
BOTTOM OF THE 6TH
Chicago Machine batting - Pitching for Austin River Sharks : LHP Dave Watkins
Pitching: RHP Tatsuzo Harada
Batting: SHB Jesús Ramírez 0-0: Ball
1-0: Ball
2-0: Ball
3-0: Base on Balls
Batting: RHB Paul Swift 0-0: Ball
1-0: Called Strike
1-1: Swinging Strike
1-2: Ball
2-2: Strikes out swinging
Batting: RHB Roberto Cardona 0-0: Called Strike
0-1: Ball
1-1: Foul Ball, location: 2F
1-2: Ball
2-2: Ground out 5-3 (Groundball, 56S)
Jesús Ramírez to second
Batting: LHB Eric Wheeler 0-0: Called Strike
0-1: Ball
1-1: Fly out, F8 (Flyball, 8LD)
Bottom of the 6th over - 0 run(s), 0 hit(s), 0 error(s), 1 left on base; Austin 1 - Chicago 1
TOP OF THE 7TH
Austin River Sharks batting - Pitching for Chicago Machine : RHP Anthony Jackson
Pitching: RHP Raúl Ruíz
Batting: RHB Clark Hodge 0-0: Ball
1-0: Foul Ball, location: 2F
1-1: Ball
2-1: Ball
3-1: Called Strike
3-2: Foul Ball, location: 2F
3-2: TRIPLE (Line Drive, 8LS)
Batting: SHB Juan Acevado 0-0: Called Strike
0-1: Foul Ball, location: 2F
0-2: Strikes out swinging
Batting: RHB Orlando Bruno 0-0: Ball
1-0: Bunted foul
1-1: Swinging Strike
1-2: Strikes out swinging
Batting: RHB Carlos Guzmán 0-0: Foul Ball, location: 2F
0-1: Called Strike
0-2: Ball
1-2: Ball
2-2: Ball
3-2: Ground out U3 (Groundball, 3)
Top of the 7th over - 0 run(s), 1 hit(s), 0 error(s), 1 left on base; Austin 1 - Chicago 1
BOTTOM OF THE 7TH
Chicago Machine batting - Pitching for Austin River Sharks : RHP Tatsuzo Harada
Batting: RHB Lorenzo Guzmán 0-0: Ball
1-0: Called Strike
1-1: SINGLE (Groundball, 34D)
Batting: SHB Edward Bartlett 0-0: Ball
1-0: Sac Bunt - play at first, batter OUT! 1-4
Lorenzo Guzmán to second
Batting: RHB Matt Doyle 0-0: Ball
1-0: Fly out, F8 (Flyball, 8RS)
Pitching: LHP António Coronado
Batting: LHB Kiyonaga Morita 0-0: Called Strike
0-1: Ball
1-1: Foul Ball, location: 2F
1-2: Ball
2-2: Fly out, F4 (Popup, 34D)
Bottom of the 7th over - 0 run(s), 1 hit(s), 0 error(s), 1 left on base; Austin 1 - Chicago 1
TOP OF THE 8TH
Austin River Sharks batting - Pitching for Chicago Machine : RHP Raúl Ruíz
Batting: SHB Juan Castro 0-0: Called Strike
0-1: Ball
1-1: Foul Ball, location: 2F
1-2: Foul Ball, location: 2F
1-2: Ball
2-2: DOUBLE (Line Drive, 9LD)
Batting: LHB Pedro Zaragoza 0-0: Ball
1-0: Ball
2-0: Ball
3-0: Called Strike
3-1: Base on Balls
Batting: RHB Kenneth Roberts 0-0: Ball
1-0: Swinging Strike
1-1: Called Strike
1-2: Ball
2-2: Ball
3-2: Foul Ball, location: 2F
3-2: SINGLE (Line Drive, 78S)
Juan Castro to third
Pedro Zaragoza to second
Batting: LHB Harry Pitts 0-0: Foul Ball, location: 2F
0-1: Ball
1-1: Ball
2-1: Ball
3-1: Base on Balls
Juan Castro scores
Pedro Zaragoza to third
Kenneth Roberts to second
Batting: LHB Terry Maloney 0-0: Foul Ball, location: 2F
0-1: Called Strike
0-2: Strikes out looking
Batting: RHB Clark Hodge 0-0: Ball
1-0: Called Strike
1-1: Foul Ball, location: 2F
1-2: Ball
2-2: Foul Ball, location: 2F
2-2: SINGLE (Line Drive, 9S)
Pedro Zaragoza scores
Kenneth Roberts to third
Harry Pitts to second
Runner from 3rd tries for Home, throw and OUT!
Harry Pitts to third
Clark Hodge to second
Batting: SHB Juan Acevado Balk!
Harry Pitts scores
Clark Hodge to third
Pitching: RHP Howard Joyce 0-0: Ball
1-0: Ball
2-0: Ball
3-0: Called Strike
3-1: Called Strike
3-2: Foul Ball, location: 2F
3-2: Strikes out looking
Top of the 8th over - 3 run(s), 3 hit(s), 0 error(s), 1 left on base; Austin 4 - Chicago 1
BOTTOM OF THE 8TH
Chicago Machine batting - Pitching for Austin River Sharks : LHP António Coronado
Pitching: LHP António Bueno
Batting: SHB Joaquín López 0-0: Ball
1-0: Ball
2-0: Swinging Strike
2-1: Foul Ball, location: 2F
2-2: Ball
3-2: Strikes out swinging
Batting: SHB Jesús Ramírez 0-0: Ball
1-0: SOLO HOME RUN (Flyball, 9D), Distance : 401 ft
Batting: RHB Paul Swift 0-0: Ball
1-0: Ground out 1-3 (Groundball, 15S)
Batting: RHB Roberto Cardona 0-0: Ball
1-0: Foul Ball, location: 2F
1-1: Fly out, F9 (Flyball, 9S)
Bottom of the 8th over - 1 run(s), 1 hit(s), 0 error(s), 0 left on base; Austin 4 - Chicago 2
TOP OF THE 9TH
Austin River Sharks batting - Pitching for Chicago Machine : RHP Howard Joyce
Batting: RHB Orlando Bruno 0-0: Ball
1-0: Foul Ball, location: 2F
1-1: Ball
2-1: Swinging Strike
2-2: Strikes out looking
Batting: RHB Carlos Guzmán 0-0: Ball
1-0: Ground out 4-3 (Groundball, 4)
Batting: SHB Juan Castro 0-0: SINGLE (Line Drive, 6)
Batting: LHB Pedro Zaragoza 0-0: Called Strike
0-1: Ball
1-1: Called Strike
1-2: Ball
2-2: Ball
3-2: Strikes out swinging
Top of the 9th over - 0 run(s), 1 hit(s), 0 error(s), 1 left on base; Austin 4 - Chicago 2
BOTTOM OF THE 9TH
Chicago Machine batting - Pitching for Austin River Sharks : LHP António Bueno
Pitching: RHP Josh Graham
Batting: LHB Eric Wheeler 0-0: Called Strike
0-1: Ball
1-1: Foul Ball, location: 2F
1-2: Strikes out swinging
Batting: RHB Lorenzo Guzmán 0-0: Foul Ball, location: 2F
0-1: Swinging Strike
0-2: Ball
1-2: SOLO HOME RUN (Flyball, 9D), Distance : 390 ft
Batting: SHB Edward Bartlett 0-0: Ground out U3 (Groundball, 34)
Batting: RHB Matt Doyle 0-0: Ground out 4-3 (Groundball, 34)
Bottom of the 9th over - 1 run(s), 1 hit(s), 0 error(s), 0 left on base; Austin 4 - Chicago 3
Thursday, March 30th, 2017 - OOTP Baseball 17.12 Build 75